 Dungeon Crawl Stone Soup version 0.24-a0-7-g1bb0902 (webtiles) character file.

Game seed: 9331982842544777035

60 Inarius the Vexing (level 3, -3/14 HPs)
             Began as a Felid Enchanter on Jan 30, 2019.
             Slain by a worm (10 damage)
             ... on level 2 of the Dungeon.
             The game lasted 00:04:17 (2855 turns).

Inarius the Vexing (Felid Enchanter)                Turns: 2855, Time: 00:04:18

Health: -3/14      AC:  1    Str:  4    XL:     3   Next: 80%
Magic:  4/7        EV: 18    Int: 17    God:
Gold:   90         SH:  0    Dex: 16    Spells: 4/7 levels left
                                        Lives:  0   Deaths: 0

rFire    . . .     SeeInvis +     - Unarmed
rCold    . . .     Gourm    .   (shield unavailable)
rNeg     . . .     Faith    .   (armour unavailable)
rPois    .         Spirit   .   (helmet unavailable)
rElec    .         Reflect  .   (cloak unavailable)
rCorr    .         Harm     .   (gloves unavailable)
MR       .....                  (boots unavailable)
Stlth    +++.......             (no amulet)
HPRegen  0.04/turn              (no ring)
MPRegen  0.10/turn              (no ring)

@: quick
A: very small, no armour, no weapons or thrown items, stealth, claws 1, fangs 3,
see invisible, carnivore, speed 1, shaggy fur 1, slow metabolism 1, sharp paws
a: no special abilities


You were on level 2 of the Dungeon.
You were completely stuffed.

You visited 1 branch of the dungeon, and saw 2 of its levels.

You collected 90 gold pieces.

Inventory:

Jewellery
 e - an uncursed ring of fire {unknown}
Scrolls
 a - 4 scrolls of identify {unknown}
 d - 2 scrolls of remove curse {unknown}
 h - a scroll of random uselessness {unknown}
Potions
 c - a potion of cancellation {unknown}
 g - a potion of mutation {unknown}
Comestibles
 b - 4 rations


   Skills:
 + Level 3.0 Dodging
 + Level 4.8 Stealth
 + Level 1.4 Unarmed Combat
 + Level 2.5 Spellcasting
 + Level 5.0 Hexes
 + Level 0.8 Ice Magic


You had 4 spell levels left.
You knew the following spells:

 Your Spells              Type           Power        Failure   Level  Hunger
a - Corona                Hex            ###....      2%          1    #......
b - Ensorcelled Hibernat  Hex/Ice        ##....       9%          2    ##.....

Your spell library contained the following spells:

 Spells                   Type           Power        Failure   Level  Hunger
 Confuse                  Hex            ###.....     7%          3    ###....
 Tukima's Dance           Hex            ###.....     7%          3    ###....
 Dazzling Spray           Conj/Hex       ##....       21%         3    ###....


Dungeon Overview and Level Annotations

Branches:
Dungeon (2/15)

Altars:
Sif Muna


Innate Abilities, Weirdness & Mutations

You cannot wear armour.
You are incapable of wielding weapons or throwing items.
Your paws allow you to move quietly. (Stealth)
You have sharp claws.
You have razor-sharp teeth.
You have supernaturally acute eyesight. (SInv)
You are carnivorous and can eat meat at any time.
You cover ground quickly.
You are covered in fur. (AC +1)
You have a slow metabolism.
Your sharp claws are effective at attacking unaware monsters.


Message History

You barely miss the worm.
The worm is severely wounded.
A worm is nearby!
A worm is nearby!
You start resting.
The worm is too close now for your liking.
You start resting.
The worm is too close now for your liking.
Casting: Ensorcelled Hibernation (safe; 9% risk of failure)
Confirm with . or Enter, or press ? or * to list all spells.
Okay, then.
Casting: Ensorcelled Hibernation (safe; 9% risk of failure)
Confirm with . or Enter, or press ? or * to list all spells.
Aiming: Ensorcelled Hibernation (safe; 9% risk of failure)
Press: ? - help, Shift-Dir - straight line, f/p - worm
Aim: a worm (chance to defeat MR: 51%)
The worm looks drowsy...
The worm bites you!
Ouch! That really hurt!
You die...

###########
#.........#
##'#######.#
#......w.#+## ##
#....###....# #.
#...w#<#....###### #.
#...@#.#....#....# #.
#....#.#....##.#.###.
#......#....>._..'...
##'#####.#.#.#.#.###.
#......w#.#.....# ##
#######....#.....####
#.....'....#.....#...
#.#####...##.....#...
#.# #...##.#####...


You could see a worm.

Vanquished Creatures
  An adder (D:2)
  3 gnolls (D:2)
  A dart slug (D:1)
  6 bats
  4 goblins (D:1)
  A hobgoblin (D:1)
  2 kobolds
  A frilled lizard (D:1)
  6 rats
25 creatures vanquished.

Notes
Turn   | Place    | Note
-------+----------+-------------------------------------------
     0 | D:1      | Inarius the Felid Enchanter began the quest for the Orb.
     0 | D:1      | Reached XP level 1. HP: 7/7 MP: 4/4
   549 | D:1      | Reached XP level 2. HP: 11/11 MP: 6/6
   600 | D:1      | Learned a level 2 spell: Ensorcelled Hibernation
  1313 | D:2      | Found a deep blue altar of Sif Muna.
  1315 | D:2      | Reached XP level 3. HP: 14/14 MP: 7/7
  1767 | D:2      | Reached skill level 5 in Hexes
  2855 | D:2      | Slain by a worm

Vault maps used:
D:1:      eino_arrival_cavern_e, minmay_crystal_room, minmay_strange_pillars
D:2:      lemuel_crystal_altar

Skill      XL: |  1  2  3 |
---------------+----------+-----
Dodging        | 3 |  3.0
Hexes          | 5 |  5.0
Stealth        | |  4.8
Unarmed Combat | |  1.4
Spellcasting   | |  2.5
Ice Magic      | |  0.8

Action                   || total
-------------------------++-------
Melee: Unarmed           ||    95
       Bite              ||     6
       Punch             ||     1
 Cast: Corona            ||     4
       Ensorcelled Hiber ||    20
 Stab: Sleeping          ||    13
  Eat: Chunk             ||    12
Armor: Skin              ||     5
Dodge: Dodged            ||    74

Table legend:
 A = Non-vault XP
 B = Vault XP
 C = Vault XP percentage of total XP
 D = Non-vault monster count
 E = Vault monster count
 F = Vault count percentage of total count
                 A         B        C        D         E       F
            +---------+---------+-------+---------+---------+-------
      Total |      86 |       0 |   0.0 |      25 |       0 |   0.0
            +---------+---------+-------+---------+---------+-------
        D:1 |      26 |       0 |   0.0 |      16 |       0 |   0.0
        D:2 |      60 |       0 |   0.0 |       9 |       0 |   0.0
            +---------+---------+-------+---------+---------+-------
